 Dungeon Crawl Stone Soup version 0.31.0-10-gcf4a605ca0 (webtiles) character file.

Game seed: 1903941138206904577

1182 Daunt the Digger (level 8, -1/58 HPs)
             Began as a Gnoll Earth Elementalist on Jan 25, 2024.
             Was a Follower of Cheibriados.
             Slain by an orc warrior
             ... wielding a +0 battleaxe
              (19 damage)
             ... on level 7 of the Dungeon.
             The game lasted 00:25:51 (2447 turns).

Daunt the Digger (Gnoll Earth Elementalist)         Turns: 2447, Time: 00:25:52

Health: -1/58      AC:  6    Str:  9    XL:     8   Next: 42%
Magic:  19/26      EV: 14    Int: 19    God:    Cheibriados [*.....]
Gold:   315        SH:  5    Dex: 15    Spells: 13/19 levels left

rFire   . . .        b - +0 orcbow
rCold   . . .        (shield currently unavailable)
rNeg    . . .        H - +0 leather armour
rPois   .            (no helmet)
rElec   .            B - +2 cloak
rCorr   .            (no gloves)
SInv    .            (no boots)
Will    .....        m - amulet of reflection
Stlth   +++          d - ring of magical power
HPRegen 0.29/turn    G - ring of flight
MPRegen 0.20/turn

%: reflection
@: flying, very slow
A: fangs 1, strong nose, distributed training
a: Renounce Religion, Bend Time


You were on level 7 of the Dungeon.
You worshipped Cheibriados.
Cheibriados was aware of your devotion.
You visited 1 branch of the dungeon, and saw 7 of its levels.

You collected 315 gold pieces.

Inventory:

Hand Weapons
 a - a +2 flail of draining
 b - a +0 orcbow (weapon)
 o - a +0 sling
 y - a +2 heavy spear
Missiles
 j - 8 javelins
 p - 13 stones
 q - 4 atropa-tipped darts
 C - 9 poisoned darts
Armour
 f - a +0 robe
 x - a +0 kite shield
 B - a +2 cloak (worn)
 D - a +1 scale mail of fire resistance
 H - a +0 leather armour (worn)
Jewellery
 d - a ring of magical power (left hand)
 m - an amulet of reflection (around neck)
 G - a ring of flight (right hand)
Wands
 F - a wand of flame (17)
Scrolls
 c - 2 scrolls of enchant weapon {unknown}
 e - 9 scrolls of identify {unknown}
 k - a scroll of fear {unknown}
 r - 2 scrolls of noise {unknown}
 s - 3 scrolls of teleportation {unknown}
 t - a scroll of enchant armour {unknown}
 w - a scroll of revelation {unknown}
Potions
 g - a potion of enlightenment {unknown}
 h - 5 potions of curing {unknown}
 i - a potion of magic
 l - a potion of haste {unknown}
 n - 4 potions of ambrosia {unknown}
 u - 2 potions of heal wounds {unknown}
 v - a potion of brilliance {unknown}
 z - a potion of might {unknown}
 A - a potion of invisibility {unknown}
 E - a potion of berserk rage {unknown}


   Skills:
 + Level 3.4 Fighting
 + Level 3.4 Short Blades
 + Level 3.4 Long Blades
 + Level 3.4 Axes
 + Level 3.4 Maces & Flails
 + Level 3.4 Polearms
 + Level 3.4 Staves
 + Level 3.4 Ranged Weapons
 + Level 3.4 Throwing
 + Level 3.4 Armour
 + Level 5.7 Dodging
 + Level 5.4 Stealth
 + Level 3.4 Shields
 + Level 3.4 Unarmed Combat
 + Level 6.1 Spellcasting
 + Level 3.5 Conjurations
 + Level 2.7 Hexes
 + Level 2.7 Summonings
 + Level 2.7 Necromancy
 + Level 2.7 Translocations
 + Level 2.7 Fire Magic
 + Level 2.7 Ice Magic
 + Level 2.7 Air Magic
 + Level 6.2 Earth Magic
 + Level 2.7 Alchemy
 + Level 3.7 Invocations
 + Level 3.4 Evocations
 + Level 3.1 Shapeshifting


You had 13 spell levels left.
You knew the following spells:

 Your Spells              Type           Power      Damage    Failure   Level
a - Sandblast             Erth           58%        2d13      1%          1
m - Summon Small Mammal   Summ           64%        N/A       4%          1
p - Passwall              Erth           29%        N/A       3%          3
z - Apportation           Tloc           32%        N/A       4%          1

Your spell library contained the following spells:

 Spells                   Type           Power      Damage    Failure   Level
 Necrotise                Necr           64%        1d7       4%          1
 Sting                    Conj/Alch      68%        1d7       4%          1
 Stone Arrow              Conj/Erth      48%        3d10      6%          3
 Brom's Barrelling Bould  Conj/Erth      24%        2d5       21%         4
 Petrify                  Alch/Erth      22%        N/A       24%         4
 Summon Forest            Summ/Tloc      8%         N/A       80%         5
 Summon Mana Viper        Hex/Summ       16%        N/A       80%         5
 Summon Cactus Giant      Summ           8%         N/A       100%        6


Dungeon Overview and Level Annotations

Branches:
Dungeon (7/15)
 Temple: D:4-7

Altars:
Ashenzari
Cheibriados
Makhleb

Shops:
D:2 (

Annotations:
D:4 2 transporters
D:5 Dowan, Sigmund


Innate Abilities, Weirdness & Mutations

You have very sharp teeth.
Your uncanny sense of smell can sniff out nearby items.
Your experience applies equally to all skills.


Message History

The blast of sand hits the vampire mosquito!!
You destroy the vampire mosquito!
Cheibriados thoroughly appreciates the change of pace.
You can now bend time to slow others.
Cheibriados raises the support of your attributes as your movement slows.
A lava snake comes into view.
Your Shapeshifting skill increases to level 3!
Unknown command.
Unknown command.
Unknown command.
Casting: Sandblast (safe; 1% risk of failure)
Confirm with . or Enter, or press ? or * to list all spells.
Okay, then.
Unknown command.
Unknown command.
The blast of sand hits the orc warrior!
The orc warrior is moderately wounded.
The blast of sand hits the orc warrior but does no damage.
The orc warrior is moderately wounded.
The orc warrior hits you with a +0 battleaxe.
The orc warrior closely misses you.
The blast of sand hits the orc warrior but does no damage.
The orc warrior is moderately wounded.
You block the orc warrior's attack.
The blast of sand hits the orc warrior.
The orc warrior is heavily wounded.
The lava snake spits lava at you. The glob of lava hits you!
The orc warrior hits you with a +0 battleaxe!
The orc warrior barely misses you.
You are too injured to fight recklessly!
Casting: Sandblast (safe; 1% risk of failure)
Confirm with . or Enter, or press ? or * to list all spells.
Aiming: Sandblast (safe; 1% risk of failure)
Press: ? - help, Shift-Dir - straight line, f/p - orc warrior
Aim: an orc warrior, wielding a +0 battleaxe and wearing a +0 chain mail (heavily wounded, 81% to hit)
The blast of sand hits the orc warrior.
The orc warrior is severely wounded.
The orc warrior hits you with a +0 battleaxe!!
You die...

...#####.## #.........#
.......... '.........'
...#####.# .........#
..######.######################
# ..'..................... #
..######.#######''##### ..# #.#
##≈≈≈..§§§## ..#
#.###≈§≈≈..≈≈§§## ...
..##≈§≈≈≈@.§≈≈≈≈# ...
###§≈≈≈≈≈o.S≈≈§≈§ ...
≈§§§§§≈..§§§≈≈≈ ..
≈§§§§≈≈..§≈≈≈≈≈ #.#
§§§§§§≈..§≈≈§≈≈ #..
§§≈§≈≈⌠§.⌠≈§≈≈§ ##+###
≈≈§≈§≈.##.§§≈≈§ #..... ≈≈§§≈≈.
§≈≈≈§§ ...## #


You could see an orc warrior and a lava snake.

Vanquished Creatures
  A vampire mosquito (D:7)
  A centaur (D:7)
  2 bullfrogs
  2 scorpions
  2 gnoll sergeants
  A bombardier beetle (D:4)
  2 hounds
  5 jellies
  An iguana (D:5)
  An orc wizard (D:5)
  13 gnolls
  9 adders
  A shadow imp (D:4)
  A white imp (D:5)
  2 ribbon worms
  4 dart slugs
  6 orcs
  4 bats (D:2)
  8 endoplasms
  2 giant cockroaches (D:2)
  9 goblins
  9 hobgoblins
  6 jackals
  4 quokkas
  2 ball pythons
  4 frilled lizards
  6 kobolds
  8 rats
116 creatures vanquished.

Notes
Turn   | Place    | Note
-------+----------+-------------------------------------------
     0 | D:1      | Daunt the Gnoll Earth Elementalist began the quest for the
                  | Orb.
     0 | D:1      | Reached XP level 1. HP: 13/13 MP: 6/6
    74 | D:1      | Reached XP level 2. HP: 7/19 MP: 4/7
   274 | D:1      | Reached skill level 5 in Spellcasting
   274 | D:1      | Reached XP level 3. HP: 10/25 MP: 9/9
   298 | D:1      | Learned a level 1 spell: Apportation
   323 | D:2      | Learned a level 3 spell: Passwall
   328 | D:2      | Reached skill level 1 in Invocations
   332 | D:2      | Reached skill level 1 in Fighting
   332 | D:2      | Reached skill level 1 in Short Blades
   332 | D:2      | Reached skill level 1 in Long Blades
   332 | D:2      | Reached skill level 1 in Axes
   332 | D:2      | Reached skill level 1 in Maces & Flails
   332 | D:2      | Reached skill level 1 in Polearms
   332 | D:2      | Reached skill level 1 in Staves
   332 | D:2      | Reached skill level 1 in Ranged Weapons
   332 | D:2      | Reached skill level 1 in Throwing
   332 | D:2      | Reached skill level 1 in Armour
   332 | D:2      | Reached skill level 1 in Shields
   332 | D:2      | Reached skill level 1 in Unarmed Combat
   332 | D:2      | Reached skill level 1 in Evocations
   332 | D:2      | Found Ukuameh's Weapon Shoppe.
   332 | D:2      | Noticed a +0 demon whip
   347 | D:2      | Noticed a +0 lajatang
   387 | D:2      | Reached skill level 1 in Shapeshifting
   387 | D:2      | Reached XP level 4. HP: 32/32 MP: 11/11
   517 | D:2      | Reached skill level 1 in Hexes
   517 | D:2      | Reached skill level 1 in Summonings
   517 | D:2      | Reached skill level 1 in Necromancy
   517 | D:2      | Reached skill level 1 in Translocations
   517 | D:2      | Reached skill level 1 in Fire Magic
   517 | D:2      | Reached skill level 1 in Ice Magic
   517 | D:2      | Reached skill level 1 in Air Magic
   517 | D:2      | Reached skill level 1 in Alchemy
   765 | D:4      | Found a transporter.
   791 | D:4      | Reached XP level 5. HP: 37/37 MP: 12/12
   834 | D:4      | Found a transporter.
   914 | D:4      | Reached XP level 6. HP: 31/44 MP: 12/13
   938 | D:4      | Reached skill level 5 in Dodging
  1109 | D:5      | Entered Level 5 of the Dungeon
  1146 | D:5      | Reached XP level 7. HP: 27/50 MP: 15/15
  1191 | D:5      | Noticed Dowan
  1323 | D:5      | Reached skill level 5 in Stealth
  1392 | D:5      | Noticed Sigmund
  1596 | D:3      | Found a snail-covered altar of Cheibriados.
  1604 | D:3      | Became a worshipper of Cheibriados the Contemplative
  1627 | D:3      | Found a broken altar of Ashenzari.
  1951 | D:6      | Learned a level 1 spell: Summon Small Mammal
  2115 | D:7      | Reached XP level 8. HP: 56/58 MP: 16/16
  2361 | D:7      | Found a burning altar of Makhleb.
  2442 | D:7      | Reached * piety under Cheibriados
  2447 | D:7      | Slain by an orc warrior

Illustrated notes

Levels and vault maps discovered:
D:1:      erik_arrival_cave_to_civilisation [erik_arrival_cave_to_hall],
          layout_loops_corners, shapermc_ecumenical_altar_mp_vishouse,
          minmay_shallow_snake_nest
D:2:      wad_river_or_something, layout_rooms, serial_shops,
          nicolae_shop_mannequins, minmay_close_crescents
D:3:      layout_basic, cheibriados_altar_1, lemuel_round_altar,
          nemelex_diamond_rough_becter, minmay_misc_feat_chi, kennysheep_path_1
D:4:      gammafunk_cloud_chamber, layout_basic, corexii_shack,
          grunt_decor_clamped
D:5:      layout_basic, reono_crystal_passage, uniq_sigmund, uniq_duvessa
D:6:      layout_loops_corners, kennysheep_cross_room, st_stairs_9,
          uniq_crazy_yiuf_cottage, uniq_menkaure
D:7:      kennysheep_big_flooded_room, layout_basic, mainiacjoe_overflow_paths,
          minmay_temple_entry_butterflies, uniq_maggie

Skill      XL: |  1  2  3  4  5  6  7  8 |
---------------+-------------------------+-----
Conjurations   | 2 3 |  3.5
Spellcasting   | 5 6 |  6.1
Invocations    | 1 2 3 |  3.7
Fighting       | 1 2 3 |  3.4
Short Blades   | 1 2 3 |  3.4
Long Blades    | 1 2 3 |  3.4
Axes           | 1 2 3 |  3.4
Maces & Flails | 1 2 3 |  3.4
Polearms       | 1 2 3 |  3.4
Staves         | 1 2 3 |  3.4
Ranged Weapons | 1 2 3 |  3.4
Throwing       | 1 2 3 |  3.4
Armour         | 1 2 3 |  3.4
Shields        | 1 2 3 |  3.4
Unarmed Combat | 1 2 3 |  3.4
Evocations     | 1 2 3 |  3.4
Shapeshifting  | 1 2 3 |  3.1
Hexes          | 1 2 |  2.7
Summonings     | 1 2 |  2.7
Necromancy     | 1 2 |  2.7
Translocations | 1 2 |  2.7
Fire Magic     | 1 2 |  2.7
Ice Magic      | 1 2 |  2.7
Air Magic      | 1 2 |  2.7
Alchemy        | 1 2 |  2.7
Dodging        | 5 |  5.7
Stealth        | 5 |  5.4
Earth Magic    | 6 |  6.2

Action                     |  1- 3 |  4- 6 |  7- 9 || total
---------------------------+-------+-------+-------++-------
  Melee: Club              |     4 |       |       ||     4
         Bite              |     2 |       |       ||     2
   Fire: Sling             |    26 |    10 |       ||    36
         Orcbow            |       |    53 |    44 ||    97
   Cast: Sandblast         |    31 |    54 |    57 ||   142
         Passwall          |       |     2 |     3 ||     5
 Armour: Robe              |     8 |    11 |    17 ||    36
         Leather armour    |       |       |     8 ||     8
  Dodge: Dodged            |    11 |    28 |    27 ||    66
  Block: Other             |       |     7 |    11 ||    18
         Reflection        |       |     2 |       ||     2
